Map: 카탈리스트 - 래더

Players

aLive

  • Race: Terran Terran
  • League: Master
  • Spawn Location: 5:00

INnoVation - Winner!

  • Race: Terran Terran
  • League: Master
  • Spawn Location: 11:00

VOD

Have the link to the VOD?

Description

Time

  • Played on: May 3, 2018, 9:05 a.m.
  • Length: 16:06
Show
View Real Time Build Order
Export as new Build Order

aLive Terran 

Build Orders: Cyclone Opening, Mech 

Get SALT Encoding   

  12  0:01  SCV  
  13  0:13  SCV  
  14  0:17  Supply Depot  
  14  0:25  SCV  
  15  0:28  Refinery  
  15  0:39  SCV  
  16  0:45  Barracks  
  16  0:51  SCV  
  16  0:55  Refinery  
  17  1:03  SCV  
  18  1:15  SCV  
  19  1:32  Orbital Command, Factory  
  19  1:35  Reaper  
  20  1:44  Supply Depot  
  20  1:58  SCV  
  21  2:08  Reaper  
  22  2:10  SCV  
  23  2:16  Cyclone  
  23  2:18  Supply Depot  
  23  2:22  SCV  
  27  2:34  SCV  
  28  2:41  Barracks Reactor  
  28  2:46  SCV  
  28  2:48  Cyclone  
  32  2:55  Command Center  
  32  2:58  SCV  
  32  3:03  Supply Depot  
  33  3:10  SCV  
  34  3:23  SCV  
  33  3:33  Cyclone x2  
  39  3:35  SCV  
  39  3:37  Supply Depot  
  40  3:47  SCV  
  38  3:59  Marine, SCV  
  40  4:05  Cyclone  
  40  4:06  Cyclone  
  40  4:08  Orbital Command, Refinery  
  40  4:09  Refinery  
  46  4:13  SCV  
  46  4:16  Marine  
  45  4:25  SCV  
  46  4:35  SCV  
  46  4:38  SCV, Cyclone x2  
  53  4:47  Factory  
  53  4:49  SCV  
  53  4:51  SCV  
  55  4:55  Barracks Reactor  
  55  5:01  SCV  
  55  5:03  Supply Depot, SCV  
  57  5:13  SCV  
  58  5:15  SCV  
  58  5:19  Armory  
  59  5:25  SCV  
  59  5:27  SCV  
  58  5:35  Starport  
  58  5:37  SCV  
  58  5:39  Factory Tech Lab, SCV  
  60  5:46  Command Center  
  60  5:49  Hellion x2, SCV  
  65  5:51  SCV  
  65  5:56  Factory  
  66  5:58  Siege Tank  
  66  6:01  SCV  
  66  6:03  SCV  
  71  6:07  Terran Vehicle Weapons Level 1  
  71  6:09  Supply Depot  
  71  6:13  Medivac x2, SCV  
  71  6:15  SCV  
  77  6:25  SCV  
  77  6:26  Supply Depot  
  77  6:31  Siege Tank, Supply Depot, SCV  
  81  6:43  Factory Tech Lab  
  81  6:47  Viking x2  
  83  6:56  Hellion, Hellbat  
  83  6:59  Orbital Command  
  87  7:01  Supply Depot  
  87  7:03  Siege Tank  
  87  7:04  Supply Depot, SCV  
  87  7:05  SCV  
  87  7:08  Siege Tank  
  90  7:27  Hellion x2  
  92  7:32  SCV x2  
  92  7:35  Siege Tank  
  90  7:40  Siege Tank  
  90  7:43  Viking x2  
  90  7:44  SCV x2  
  99  7:50  Hellbat  
  99  7:51  Hellion  
  100  7:59  SCV x2  
  102  8:06  Infernal Pre-Igniter  
  102  8:07  Terran Vehicle Weapons Level 2  
  102  8:15  Siege Tank  
  102  8:16  Hellion, Hellbat  
  109  8:28  Siege Tank  
  109  8:31  SCV x2  
  114  8:37  Orbital Command  
  112  8:50  Hellion, Siege Tank  
  112  8:51  Hellion  
  111  8:56  SCV x2  
  111  9:00  Siege Tank  
  111  9:02  SCV  
  117  9:07  Engineering Bay  
  117  9:08  SCV  
  118  9:11  Supply Depot  
  118  9:12  SCV  
  118  9:13  Refinery  
  118  9:14  Supply Depot, SCV  
  120  9:18  Refinery  
  120  9:19  Factory  
  120  9:20  SCV  
  120  9:21  Viking  
  120  9:22  Factory  
  123  9:25  Viking  
  123  9:28  Hellion x4  
  123  9:35  Sensor Tower  
  123  9:37  SCV x3  
  126  9:40  Hellbat  
  126  9:41  Hellbat  
  126  9:45  Sensor Tower  
  129  9:56  Supply Depot  
  129  10:03  Cyclone x2  
  135  10:08  Hellion x3  
  135  10:14  Factory Tech Lab, Factory Reactor  
  135  10:15  Siege Tank  
  135  10:16  Siege Tank  
  139  10:22  Supply Depot  
  133  10:32  Viking x2  
  133  10:33  Refinery  
  133  10:34  Supply Depot  
  133  10:35  Supply Depot  
  137  10:37  Hellbat x2  
  137  10:39  Siege Tank  
  137  10:41  SCV x3  
  145  10:52  Hellion, Hellbat  
  145  10:53  Liberator x2  
  150  11:02  Siege Tank x2  
  150  11:03  Hellion x2  
  163  11:13  Hellbat x2  
  163  11:18  Terran Vehicle And Ship Armor Level 1  
  167  11:30  Hellbat x2  
  171  11:40  Command Center  
  171  11:42  Supply Depot  
  171  11:43  Supply Depot x2  
  171  11:44  Supply Depot  
  171  11:52  Cyclone x4  
  171  11:53  Cyclone  
  161  12:01  Viking x2  
  161  12:10  Hellion x2  
  145  12:25  Hellbat x3  
  145  12:26  Cyclone  
  145  12:27  Rapid Fire Launchers, Cyclone x3  
  129  13:04  Cyclone x4  
  129  13:05  Siege Tank  
  125  13:19  Siege Tank x2  
  115  13:41  Cyclone x4  
  117  13:42  Orbital Command  
  117  13:46  Refinery  
  117  13:47  Siege Tank  
  99  13:49  Refinery  
  90  13:56  Cyclone  
  90  13:59  SCV x2  
  90  14:02  Hellion  
  77  14:11  SCV  
  77  14:13  Viking x2  
  77  14:15  Hellion x3, Hellbat  
  73  14:37  Hellbat x3  
  77  14:46  Hellion x3  
  77  14:49  Siege Tank x2  
  77  14:51  Hellbat x2  
  85  14:58  Hellbat  
Show
View Real Time Build Order
Export as new Build Order

INnoVation Terran - Winner!

Build Orders: Cyclone Opening, MMM Bio 

Get SALT Encoding   

  12  0:00  SCV  
  13  0:12  SCV  
  14  0:17  Supply Depot  
  14  0:25  SCV  
  14  0:28  Refinery  
  15  0:38  SCV  
  16  0:44  Barracks  
  16  0:50  SCV  
  16  0:54  Refinery  
  17  1:02  SCV  
  18  1:15  SCV  
  19  1:31  Orbital Command  
  19  1:32  Factory  
  19  1:35  Reaper  
  20  1:43  Supply Depot  
  20  1:56  SCV  
  21  2:07  Reaper  
  22  2:09  SCV  
  22  2:15  Cyclone  
  26  2:21  SCV  
  27  2:32  Command Center  
  27  2:36  SCV  
  28  2:39  Barracks Reactor  
  28  2:43  Supply Depot  
  28  2:51  Cyclone  
  31  3:04  SCV  
  32  3:16  SCV  
  33  3:27  Supply Depot  
  33  3:32  Cyclone  
  39  3:34  Cyclone  
  39  3:43  SCV  
  39  3:44  Orbital Command  
  39  3:45  Barracks Tech Lab  
  40  3:55  SCV  
  38  4:04  Cyclone  
  38  4:06  Cyclone  
  38  4:07  SCV  
  45  4:12  SCV  
  46  4:19  Barracks x2, SCV  
  46  4:20  Stimpack, Marine  
  46  4:24  SCV  
  49  4:29  Refinery  
  49  4:33  Engineering Bay  
  49  4:34  SCV  
  49  4:36  SCV  
  51  4:39  Marine  
  51  4:48  Bunker, SCV x2  
  51  4:51  Factory Reactor  
  53  4:54  Supply Depot  
  53  5:00  Starport, SCV x2  
  56  5:07  Terran Infantry Weapons Level 1  
  56  5:11  Supply Depot  
  58  5:14  Marauder  
  58  5:15  Barracks Tech Lab, Marine  
  58  5:16  Marine  
  58  5:17  SCV  
  58  5:18  SCV  
  60  5:31  SCV  
  60  5:32  SCV  
  60  5:33  Marine x2  
  64  5:37  Marauder x2  
  64  5:40  Supply Depot  
  68  5:43  SCV  
  68  5:44  Medivac, SCV  
  68  5:46  Medivac  
  68  5:49  Supply Depot  
  74  5:50  Refinery  
  74  5:52  Marine  
  74  5:53  Factory Tech Lab, Marine  
  76  5:59  Marauder  
  76  6:02  Marauder, SCV x2  
  82  6:04  Supply Depot  
  82  6:11  Marine  
  82  6:12  Marine  
  82  6:13  Supply Depot, Combat Shields  
  84  6:21  Marauder, Concussive Shells  
  84  6:23  Marauder  
  84  6:24  SCV  
  84  6:25  SCV  
  90  6:29  Supply Depot  
  90  6:30  Marine x2  
  92  6:36  Supply Depot, Medivac  
  92  6:39  Medivac  
  96  6:46  Marauder  
  96  6:47  Marauder  
  99  6:50  Marine x2  
  99  6:51  SCV x2  
  103  6:57  Supply Depot  
  103  7:01  Terran Infantry Armor Level 1  
  103  7:02  Siege Tank  
  103  7:08  Marine x2  
  108  7:12  Marauder x2  
  106  7:30  Command Center  
  106  7:31  Marine x2  
  106  7:33  Marauder x2  
  106  7:35  Siege Tank  
  109  7:42  Barracks  
  109  7:43  Barracks, SCV  
  109  7:44  SCV  
  108  7:55  Viking x2, SCV  
  108  7:56  SCV  
  113  8:06  Marauder, Marine x2  
  113  8:07  Marauder  
  113  8:08  SCV x2  
  121  8:13  Siege Tank  
  124  8:20  SCV x2  
  124  8:25  Viking  
  124  8:26  Viking  
  130  8:36  Barracks Tech Lab, Barracks Reactor  
  130  8:37  Marauder x2  
  128  8:46  Marine x2  
  125  8:50  SCV  
  125  8:51  SCV  
  121  9:02  Orbital Command  
  121  9:03  Viking  
  121  9:07  Viking  
  125  9:10  SCV x2  
  127  9:21  Marauder x3  
  133  9:26  Marine x4  
  136  9:32  Viking  
  136  9:37  Viking  
  140  9:42  SCV  
  141  9:50  Supply Depot  
  141  9:52  Starport  
  141  9:53  Fusion Core  
  141  10:03  Starport  
  141  10:04  Supply Depot  
  141  10:07  SCV x2  
  141  10:11  Viking x2, SCV  
  146  10:19  SCV x2  
  143  10:23  SCV  
  143  10:24  Liberator  
  143  10:25  Liberator  
  141  10:31  SCV  
  141  10:33  SCV  
  143  10:36  SCV  
  143  10:41  Advanced Ballistics, Starport Reactor  
  150  10:43  SCV  
  150  10:46  SCV  
  150  10:48  SCV  
  152  10:50  Refinery x2  
  152  10:55  Supply Depot  
  152  10:56  Supply Depot, SCV  
  152  11:00  Liberator  
  152  11:05  SCV x2  
  152  11:07  Liberator  
  152  11:08  SCV  
  152  11:09  Liberator  
  152  11:10  Liberator  
  155  11:17  Command Center  
  160  11:29  SCV x3  
  160  11:30  Supply Depot  
  169  11:38  Viking  
  164  11:41  Marauder x3  
  164  11:45  Liberator, Marine x4  
  172  11:49  Liberator  
  151  11:54  Liberator  
  129  12:02  Marauder x3  
  129  12:03  Marine x2  
  129  12:04  Marine  
  139  12:16  Marine  
  139  12:18  SCV x3  
  136  12:26  Viking  
  136  12:27  Viking, Marauder  
  136  12:28  Marine x2, Marauder x2  
  145  12:30  SCV x3  
  145  12:34  Liberator, Marine  
  131  12:46  Marine  
  115  12:56  SCV x2  
  117  13:02  Marauder x3  
  120  13:08  SCV  
  120  13:10  Liberator  
  113  13:17  Liberator  
  111  13:22  Orbital Command  
  111  13:23  SCV x2  
  111  13:24  Orbital Command  
  115  13:43  SCV x2  
  117  13:54  Marauder x3  
  117  13:55  SCV  
  117  13:56  Marine x3  
  117  13:57  Liberator  
  118  14:03  SCV x2  
  115  14:21  Marauder x3  
  118  14:26  Marine x3  
  118  14:30  Orbital Command  
  112  14:49  Marauder x3, SCV  
  113  14:56  Marine  
  113  14:57  Liberator, Marine x2  
  111  15:00  Orbital Command  
  111  15:01  SCV  
  111  15:04  SCV  
  113  15:10  Marine  
  113  15:13  SCV  
  115  15:16  SCV  
  122  15:29  SCV x2  
  122  15:30  SCV  
  125  15:41  SCV  
  119  15:43  Marauder x3  
  119  15:48  Marine x3  
Tags
 
Add a new tag
Caveats
  • Supply blocks, unpowered buildings, or Contaminate may cause inaccurate times.
  • Supply counts are checked every 10 seconds.